 Dungeon Crawl Stone Soup version 0.18.1-8-gdd0e5ea (webtiles) character file.

108 M4edhros the Insei (level 4, -5/27 HPs)
             Began as an Octopode Necromancer on May 23, 2016.
             Killed from afar by an orc wizard (11 damage)
             ... with a puff of frost
             ... on level 3 of the Dungeon.
             The game lasted 00:07:44 (807 turns).

M4edhros the Insei (Octopode Necromancer)            Turns: 807, Time: 00:07:44

Health: -5/27      AC:  6    Str:  7    XL:     4   Next: 87%
Magic:  1/7        EV: 12    Int: 17    God:
Gold:   25         SH:  0    Dex: 13    Spells: 3 memorised, 2 levels left

rFire  + . .     SeeInvis .     j - +1 mace (protect)
rCold  . . .     Gourm    .     (no shield)
rNeg   . . .     Faith    .     (helmet restricted)
rPois  .         Spirit   .     d - amulet of regeneration
rElec  .         Dismiss  .     h - ring of sustain attributes
rCorr  .         Reflect  .     c - ring of protection from fire
SustAt +         Harm     .     (no ring)
MR     .....                    (no ring)
Stlth  +++.......               (no ring)
                                (no ring)
                                (no ring)
                                (no ring)

@: regenerating, not resistant to hostile enchantments, fairly stealthy
A: almost no armour, amphibious, 8 rings, constrict 8, camouflage 1, gelatinous
body 1
a: no special abilities


You were on level 3 of the Dungeon.
You were hungry.

You visited 1 branch of the dungeon, and saw 4 of its levels.

You collected 25 gold pieces.

Inventory:

Hand Weapons
 j - a +1 mace of protection (weapon)
Missiles
 e - 35 sling bullets
Jewellery
 c - a ring of protection from fire (right tentacle)
 d - an amulet of regeneration (around mantle)
 h - a ring of sustain attributes (left tentacle)
Scrolls
 f - 2 scrolls of identify {unknown}
Books
 a - a book of Necromancy

   Spells                             Type                      Level
   a - Pain                           Necromancy                   1
   b - Animate Skeleton               Necromancy                   1
   c - Vampiric Draining              Necromancy                   3
   d - Regeneration                   Charms/Necromancy            3
   e - Animate Dead                   Necromancy                   4
   f - Control Undead                 Necromancy                   4
Comestibles
 b - 2 bread rations
 g - 2 chunks of flesh


   Skills:
 - Level 2.0 Dodging
 - Level 2.6 Stealth
 + Level 4.3 Unarmed Combat
 - Level 2.0 Spellcasting
 - Level 4.0 Necromancy


You had 2 spell levels left.
You knew the following spells:

 Your Spells              Type           Power        Failure   Level  Hunger
a - Pain                  Necr           ###.         3%          1    #......
b - Animate Skeleton      Necr           N/A          3%          1    #......
r - Regeneration          Chrm/Necr      #.........   24%         3    ###....


Dungeon Overview and Level Annotations

Branches:
Dungeon (4/15)
 Temple: D:4-7

Altars:
Ru


Innate Abilities, Weirdness & Mutations

You cannot wear most types of armour.
You are amphibious.
You can wear up to eight rings at the same time.
You can use your tentacles to constrict eight enemies at once.
Your skin changes colour to match your surroundings (Stealth).
Your rubbery body absorbs attacks (AC +1).


Message History

The orc wizard casts a spell at you.
The puff of frost hits your adder skeleton.
Your adder skeleton resists.
Your adder skeleton bites the orc wizard but does no damage.
Drink which item? (? for menu, Esc to quit)
It was a potion of curing.
You feel better.
The orc wizard hits your adder skeleton with a dagger of speed!
Your adder skeleton is destroyed!
The worker ant barely misses you.
Casting: Regeneration
Confirm with . or Enter, or press ? or * to list all spells.
Your skin crawls.
The orc wizard hits you but does no damage.
The worker ant bites you!
* * * LOW HITPOINT WARNING * * *
The orc wizard hits you but does no damage.
Unknown command.
The orc wizard gestures at you while chanting.
The puff of frost hits you!
You die...

#.....#.. #.# #.....#.# #>#
....... #.# #..#.# #.#
###.#.######.#
#.........##.########
#...>.a...##.#.......
#....ol......<.#
#.....@....#.###
#.........##... ####
####.........##....# #..#
##............##....# #..##
##...[.........##....###...#
#..........................#
#.......#########...........
#.......### #....#
##.......... ##.....


You could see a worker ant, an orc wizard and a giant newt.

Vanquished Creatures
  Terence (D:3)
  An orc wizard (D:3)
  2 adders (D:3)
  2 oozes
  2 giant geckos
  3 bats
  6 giant cockroaches
  A hobgoblin (D:1)
  3 jackals (D:3)
  3 goblins
  3 kobolds
  4 rats
31 creatures vanquished.

Vanquished Creatures (collateral kills)
  A rat (D:3)
1 creature vanquished.

Grand Total: 32 creatures vanquished

Notes
Turn   | Place    | Note
--------------------------------------------------------------
     0 | D:1      | M4edhros the Octopode Necromancer began the quest for the Orb.
     0 | D:1      | Reached XP level 1. HP: 11/11 MP: 3/3
    71 | D:1      | Reached skill level 1 in Unarmed Combat
   117 | D:1      | Reached XP level 2. HP: 8/17 MP: 1/5
   159 | D:1      | ok, good, got amulet of regen
   390 | D:2      | Learned a level 1 spell: Animate Skeleton
   428 | D:3      | Reached XP level 3. HP: 19/21 MP: 0/6
   435 | D:3      | Learned a level 3 spell: Regeneration
   558 | D:3      | Noticed Terence
   719 | D:3      | Found a sacrificial altar of Ru.
   727 | D:3      | Reached XP level 4. HP: 27/27 MP: 7/7
   780 | D:3      | Killed Terence
   802 | D:4      | HP: 1/27 [orc wizard/dagger of speed (1)]
   807 | D:3      | Killed from afar by an orc wizard

Skill      XL: |  1  2  3  4 |
---------------+-------------+-----
Unarmed Combat | 1 2 3 4 |  4.3
Dodging        | |  2.0
Stealth        | |  2.6
Spellcasting   | |  2.0
Necromancy     | |  4.0

Action                   |  1- 3 |  4- 6 || total
-------------------------+-------+-------++-------
Melee: Unarmed           |    41 |    18 ||    59
       Tentacles         |     7 |     3 ||    10
       Constrict         |     9 |     3 ||    12
 Cast: Pain              |    32 |       ||    32
       Animate Skeleton  |     2 |     1 ||     3
       Regeneration      |       |     4 ||     4
  Use: Scroll            |     2 |       ||     2
       Potion            |       |     1 ||     1
 Stab: Sleeping          |     2 |       ||     2
       Invisible         |       |     2 ||     2
  Eat: Chunk             |     1 |       ||     1
Armor: Skin              |     7 |     5 ||    12
Dodge: Dodged            |    24 |     9 ||    33
